[Event "Estonian Chess Championship 2021"]
[Site "Tallinn, Paul Keres Chess House, Estonia"]
[Date "2021.12.11"]
[Round "1.1"]
[White "Rychagov, Nikita"]
[Black "Kanep, Meelis"]
[Result "1/2-1/2"]
[TimeControl "90 minutes for first 40 moves and 15 min. for the rest of the game with 30 sec."]
[BlackTitle "GM"]
[WhiteFideId "4508394"]
[BlackFideId "4501047"]
[WhiteElo "1985"]
[BlackElo "2433"]

1. e4 c5 2. Nf3 Nc6 3. d4 cxd4 4. Nxd4 Qb6 5. Nb3 Nf6 6. Nc3 e6 7. Be3 Qc7 8. a3 Be7 9. f4 d6 10.
g4 a6 11. g5 Nd7 12. Qd2 b5 13. O-O-O Rb8 14. h4 b4 15. axb4 Nxb4 16. h5 Qb7 17. h6 gxh6 18. Rxh6 Nxc2 19.
Kxc2 Qxb3+ 20. Kc1 Nc5 21. Bxc5 dxc5 22. e5 Rb4 23. Bd3 Rd4 24. Qh2 Bb7 25. Bxh7 Rxd1+ 26. Nxd1 Qc4+ 27. Bc2 Rf8 28.
Rh3 Kd7 29. Rc3 Qf1 30. Rb3 Kc8 31. Bd3 Qe1 32. Qc2 Rd8 33. Bc4 Rd4 34. Rd3 Rxf4 35. Qa4 Rd4 36. Qe8+ Bd8 37. Rxd4 cxd4 38.
g6 Qb4 39. gxf7 Qxc4+ 40. Kd2 Qb4+ 41. Kc1 Qc4+ 42. Kd2 Qb4+ 43. Kc1 1/2-1/2

[Event "Estonian Chess Championship 2021"]
[Site "Tallinn, Paul Keres Chess House, Estonia"]
[Date "2021.12.11"]
[Round "1.2"]
[White "Timoshin, Andrei"]
[Black "Andrijashkin, Deniss"]
[Result "1-0"]
[TimeControl "90 minutes for first 40 moves and 15 min. for the rest of the game with 30 sec."]
[WhiteFideId "4503503"]
[BlackFideId "4504631"]
[WhiteElo "2150"]
[BlackElo "2036"]

1. e4 e6 2. d4 d5 3. Nd2 dxe4 4. Nxe4 Nd7 5. Nf3 Ngf6 6. Nxf6+ Nxf6 7. Bd3 c5 8. O-O cxd4 9. Nxd4 Bc5 10.
Nb3 Bd6 11. Bg5 h6 12. Bb5+ Bd7 13. Bxd7+ Qxd7 14. Bxf6 gxf6 15. Qf3 Qc7 16. h3 f5 17. Rad1 O-O-O 18. c4 Be5 19. Qe2 Rhg8 20.
Rxd8+ Rxd8 21. c5 Bf4 22. Qc4 Bh2+ 23. Kh1 Be5 24. Qe2 Bf4 25. Qf3 Be5 26. Qe2 Bf6 27. Rc1 Qe5 28. Qb5 Bg5 29.
Na5 Qd5 30. Rc3 Bf4 31. Rd3 Qe4 32. Rxd8+ Kxd8 33. Qf1 Bc7 34. Nc4 Qd4 35. b4 Qf4 36. g3 Qf3+ 37. Kg1 h5 38. Qe1 f4 39.
Ne5 Bxe5 40. Qxe5 fxg3 41. Qd6+ Kc8 42. fxg3 Qe3+ 43. Kf1 Qf3+ 44. Ke1 Qc3+ 45. Ke2 Qc2+ 46. Ke3 Qc3+ 47. Kf4 Qf6+ 48.
Ke4 Qf5+ 49. Ke3 e5 50. Qe7 f6 51. h4 Qg6 52. Qe6+ Kc7 53. Qd6+ Kc8 54. Kd2 Qxg3 55. Qxf6 Kc7 56. Qe7+ Kc6 57. Qe8+ Kd5 58.
Qf7+ Kd4 59. Qd7+ Kc4 60. Qf7+ Kxb4 61. Qxb7+ Kxc5 62. Qxa7+ Kd5 63. Qb7+ Kd6 64. Qa6+ Ke7 65. Qb7+ Kf6 66.
Qc6+ Kf5 67. Qd7+ Ke4 68. Qh7+ Kd4 69. Qa7+ Ke4 70. Qa4+ Kf5 71. Qc2+ Kf4 72. Qc4+ Kf5 73. Qd3+ 1-0

[Event "Estonian Chess Championship 2021"]
[Site "Tallinn, Paul Keres Chess House, Estonia"]
[Date "2021.12.11"]
[Round "1.3"]
[White "Pedmanson, Albert"]
[Black "Kull, Tormi"]
[Result "0-1"]
[TimeControl "90 minutes for first 40 moves and 15 min. for the rest of the game with 30 sec."]
[WhiteFideId "4505778"]
[BlackFideId "4510151"]
[WhiteElo "1888"]
[BlackElo "1753"]

1. e4 c6 2. d4 d5 3. Nd2 dxe4 4. Nxe4 Nf6 5. Nxf6+ exf6 6. c3 Bd6 7. Bd3 O-O 8. h3 Nd7 9.
Ne2 Re8 10. O-O Nb6 11. Qc2 h5 12. c4 Bc7 13. Be3 Be6 14. Rad1 Rc8 15. Rfe1 h4 16. b3 g5 17. Nc3 Kg7 18.
Ne4 Nd7 19. Qb2 Bf5 20. Nd6 Bxd6 21. Bxf5 Qc7 22. c5 Bh2+ 23. Kh1 Rcd8 24. Qe2 Nf8 25. Qc4 Re7 26. Re2 Ne6 27. Rde1 Rde8 28.
b4 Nf4 29. Rd2 Nd5 30. Qb3 Bf4 31. Rde2 Qd8 32. a3 Bb8 33. Kg1 Qc7 34. Kf1 Qh2 35. Rd2 Nf4 36. f3 Qh1+ 0-1

[Event "Estonian Chess Championship 2021"]
[Site "Tallinn, Paul Keres Chess House, Estonia"]
[Date "2021.12.11"]
[Round "1.4"]
[White "Hansson, Markus"]
[Black "Soot, Margus"]
[Result "0-1"]
[TimeControl "90 minutes for first 40 moves and 15 min. for the rest of the game with 30 sec."]
[WhiteFideId "4505620"]
[BlackFideId "4501160"]
[WhiteElo "1662"]
[BlackElo "2117"]

1. e4 c6 2. d4 d5 3. e5 Bf5 4. Nc3 e6 5. g4 Bg6 6. Nge2 h6 7. Nf4 Bh7 8. Bd3 Bxd3 9. Qxd3 Na6 10.
Be3 Qd7 11. O-O-O O-O-O 12. h4 Ne7 13. Nh5 Kb8 14. f4 c5 15. Qb5 cxd4 16. Qxd7 Rxd7 17. Bxd4 Nc6 18. Bf2 g6 19. Nf6 Rd8 20.
Nb5 Be7 21. g5 h5 22. Rh3 Nc7 23. Nd4 Nxd4 24. Bxd4 Na6 25. c3 b6 26. Kc2 Kb7 27. b4 Rc8 28. Kb3 Rc4 29. a3 Nc7 30.
Rdd3 Rc8 31. Nd7 Nb5 32. Rhf3 R8c7 33. Nf6 Nxd4+ 34. Rxd4 Rxd4 35. cxd4 Bxf6 36. Rc3 Rxc3+ 37. Kxc3 Be7 38.
Kb3 Kc6 39. Ka4 b5+ 40. Kb3 a5 41. Kc3 axb4+ 42. axb4 Bxb4+ 43. Kxb4 Kb6 44. Kb3 Ka5 45. Ka3 b4+ 46. Kb3 Kb5 0-1

[Event "Estonian Chess Championship 2021"]
[Site "Tallinn, Paul Keres Chess House, Estonia"]
[Date "2021.12.11"]
[Round "1.5"]
[White "Volodin, Aleksandr"]
[Black "Shishkov, Andrei"]
[Result "1-0"]
[TimeControl "90 minutes for first 40 moves and 15 min. for the rest of the game with 30 sec."]
[WhiteTitle "GM"]
[BlackTitle "IM"]
[WhiteFideId "4501950"]
[BlackFideId "4500563"]
[WhiteElo "2461"]
[BlackElo "2405"]

1. d4 Nf6 2. g3 d5 3. Bg2 c6 4. Nf3 Bg4 5. O-O e6 6. Nbd2 Nbd7 7. Re1 Be7 8. e4 dxe4 9. Nxe4 Nxe4 10.
Rxe4 Nf6 11. Re1 O-O 12. c3 Qb6 13. Qb3 Rfd8 14. Ne5 Bf5 15. Nc4 Qxb3 16. axb3 Nd5 17. b4 a6 18. Bd2 Kf8 19.
Na5 Rd7 20. Bf1 Rc7 21. Nb3 Rd8 22. Nc5 h6 23. h3 g5 24. Bg2 Bf6 25. Re2 Re7 26. Rae1 Bg7 27. Bc1 Ra8 28. Kh2 b6 29.
Ne4 a5 30. bxa5 bxa5 31. Nc5 Rb8 32. Be3 Rc8 33. Bd2 Ra7 34. Ra1 Nb6 35. Bc1 Bf6 36. b3 Nd5 37. Bb2 Be7 38. c4 Nb4 39.
Bc3 Rca8 40. Rd2 Rb8 41. Rxa5 Bxc5 42. Rxc5 Na6 43. Ra5 Rxb3 44. Ba1 Bd3 45. Ra4 Ra8 46. Rda2 Rb6 47. R2a3 Be2 48.
Bc3 Bd1 49. Ra5 Be2 50. R3a4 Ke7 51. Bd2 Rb3 52. Rxa6 1-0

[Event "Estonian Chess Championship 2021"]
[Site "Tallinn, Paul Keres Chess House, Estonia"]
[Date "2021.12.12"]
[Round "2.1"]
[White "Kanep, Meelis"]
[Black "Shishkov, Andrei"]
[Result "1/2-1/2"]
[TimeControl "90 minutes for first 40 moves and 15 min. for the rest of the game with 30 sec."]
[WhiteTitle "GM"]
[BlackTitle "IM"]
[WhiteFideId "4501047"]
[BlackFideId "4500563"]
[WhiteElo "2433"]
[BlackElo "2405"]

1. Nf3 Nf6 2. c4 e6 3. g3 d5 4. Bg2 d4 5. O-O c5 6. e3 Nc6 7. exd4 cxd4 8. d3 Bd6 9. Bg5 h6 10.
Bxf6 Qxf6 11. Nbd2 Qd8 12. a3 a5 13. Rc1 O-O 14. c5 Bc7 15. Re1 e5 16. Nc4 Re8 17. Nfd2 f5 18. b4 axb4 19.
axb4 Nxb4 20. Qb3 Na6 21. Nxe5+ Kh7 22. f4 Rb8 23. Ndf3 Be6 24. Qa4 Ba5 25. Re2 Bc3 26. c6 Nc5 27.
Qd1 Qd6 28. cxb7 Nxb7 1/2-1/2

[Event "Estonian Chess Championship 2021"]
[Site "Tallinn, Paul Keres Chess House, Estonia"]
[Date "2021.12.12"]
[Round "2.2"]
[White "Soot, Margus"]
[Black "Volodin, Aleksandr"]
[Result "0-1"]
[TimeControl "90 minutes for first 40 moves and 15 min. for the rest of the game with 30 sec."]
[BlackTitle "GM"]
[WhiteFideId "4501160"]
[BlackFideId "4501950"]
[WhiteElo "2117"]
[BlackElo "2461"]

1. Nf3 d5 2. e3 Nf6 3. b3 Bf5 4. Bb2 e6 5. Be2 h6 6. O-O Be7 7. c4 O-O 8. Nc3 Nbd7 9. d4 c6 10.
Bd3 Bxd3 11. Qxd3 a5 12. Rac1 a4 13. Rfd1 axb3 14. axb3 Qb6 15. Qc2 Qb4 16. Nd2 Nb6 17. c5 Nbd7 18.
Ra1 Rfb8 19. Na2 Qa5 20. Bc3 Qc7 21. Nb4 e5 22. dxe5 Nxe5 23. Bd4 Re8 24. h3 Bf8 25. Nd3 Nfd7 26.
Nxe5 Nxe5 27. Qc3 Ng6 28. Nf3 Ne7 29. Rxa8 Rxa8 30. Ra1 Qc8 31. Ra5 Qd8 32. b4 Rxa5 33. bxa5 Ng6 34. Qb4 Qa8 0-1

[Event "Estonian Chess Championship 2021"]
[Site "Tallinn, Paul Keres Chess House, Estonia"]
[Date "2021.12.12"]
[Round "2.3"]
[White "Kull, Tormi"]
[Black "Hansson, Markus"]
[Result "1/2-1/2"]
[TimeControl "90 minutes for first 40 moves and 15 min. for the rest of the game with 30 sec."]
[WhiteFideId "4510151"]
[BlackFideId "4505620"]
[WhiteElo "1753"]
[BlackElo "1662"]

1. e4 e6 2. d4 d5 3. exd5 exd5 4. Nc3 Bf5 5. Bf4 c6 6. Bd3 Bxd3 7. Qxd3 Bd6 8. Bg3 Ne7 9. Nf3 O-O 10.
O-O Bxg3 11. hxg3 Ng6 12. Rae1 Nd7 13. g4 Qc7 14. g3 Rfe8 15. Kg2 Ndf8 16. Qd2 Qd7 17. Nh2 Rxe1 18. Rxe1 Re8 1/2-1/2

[Event "Estonian Chess Championship 2021"]
[Site "Tallinn, Paul Keres Chess House, Estonia"]
[Date "2021.12.12"]
[Round "2.4"]
[White "Andrijashkin, Deniss"]
[Black "Pedmanson, Albert"]
[Result "0-1"]
[TimeControl "90 minutes for first 40 moves and 15 min. for the rest of the game with 30 sec."]
[WhiteFideId "4504631"]
[BlackFideId "4505778"]
[WhiteElo "2036"]
[BlackElo "1888"]

1. Nf3 Nf6 2. c4 e6 3. e3 d5 4. b3 b6 5. Bb2 Bb7 6. Nc3 c5 7. d4 Nbd7 8. cxd5 exd5 9. Bd3 Bd6 10.
dxc5 bxc5 11. Rc1 Rc8 12. Ne2 O-O 13. Ng3 Re8 14. Nf5 Ne5 15. Bb1 d4 16. N3h4 Bc7 17. O-O Ba6 18. Re1 Neg4 19.
Qf3 Bxh2+ 20. Kh1 Qc7 21. exd4 Bg1 22. Re5 Bxf2 23. Rcxc5 Rxe5 24. Rxe5 Qc1+ 0-1

[Event "Estonian Chess Championship 2021"]
[Site "Tallinn, Paul Keres Chess House, Estonia"]
[Date "2021.12.12"]
[Round "2.5"]
[White "Rychagov, Nikita"]
[Black "Timoshin, Andrei"]
[Result "1/2-1/2"]
[TimeControl "90 minutes for first 40 moves and 15 min. for the rest of the game with 30 sec."]
[WhiteFideId "4508394"]
[BlackFideId "4503503"]
[WhiteElo "1985"]
[BlackElo "2150"]

1. e4 d5 2. exd5 Qxd5 3. Nc3 Qd8 4. d4 Nf6 5. Nf3 Bg4 6. Bc4 e6 7. h3 Bxf3 8. Qxf3 c6 9. Be3 Nbd7 10.
O-O Bd6 11. Rfe1 O-O 12. Bb3 Rc8 13. Ne4 Nxe4 14. Qxe4 Nf6 15. Qf3 Nd5 16. Bd2 Qf6 17. Qxf6 Nxf6 18. Rad1 h6 19. c4 Rfd8 20. Bc3 b5 21. Rc1 b4 22. Bd2 c5 23. dxc5 Bh2+ 24.
Kxh2 Rxd2 25. Rc2 Rxc2 26. Bxc2 Rxc5 27. Rd1 Kf8 28. Rd8+ Ke7 29. Rb8 Rxc4 30. Rb7+ Kd6 31. Bb3 Rc7 32.
Rxb4 Nd7 33. Kg3 Nb6 34. Kf3 Rc1 35. Rd4+ Ke7 36. Rd1 Rc5 37. Rd2 a5 38. Rc2 Rb5 39. Rc7+ Kf6 40. Ra7 g6 41.
g3 Nc8 42. Ra6 Nb6 43. h4 Nd7 44. Ra7 Nb6 45. Kg2 g5 46. hxg5+ hxg5 47. Kf3 Nc8 48. Ra6 Nb6 49. Kg2 g4 50.
Ra7 Nc8 51. Ra6 Nb6 52. Ra7 Nc8 53. Rd7 Nb6 54. Rd4 Kg5 55. Bd1 f5 56. b3 e5 57. Rd6 Nd5 58. Be2 Rc5 59. Bc4 Nb4 60.
a4 Nc2 61. Ra6 Nd4 62. Kf1 f4 63. gxf4+ exf4 64. Rd6 Nf5 65. Rd5 Rxd5 66. Bxd5 f3 67. Ke1 Kf4 68. Kd2 Ke5 69. Bc4 Nd6 70.
Ke3 Nf5+ 71. Kd2 Ne7 72. Ke3 Nf5+ 73. Kd2 Nd4 74. Ke3 Nc2+ 75. Kd2 Nb4 76. Ke3 Nc2+ 77. Kd2 Nb4 78. Ke3 Nc2+ 79. Kd2 Nd4 80. Ke3 1/2-1/2

[Event "Estonian Chess Championship 2021"]
[Site "Tallinn, Paul Keres Chess House, Estonia"]
[Date "2021.12.13"]
[Round "3.1"]
[White "Timoshin, Andrei"]
[Black "Kanep, Meelis"]
[Result "0-1"]
[TimeControl "90 minutes for first 40 moves and 15 min. for the rest of the game with 30 sec."]
[BlackTitle "GM"]
[WhiteFideId "4503503"]
[BlackFideId "4501047"]
[WhiteElo "2150"]
[BlackElo "2433"]

1. e4 c5 2. f4 d5 3. exd5 Nf6 4. Bb5+ Nbd7 5. c4 a6 6. Bxd7+ Bxd7 7. Nf3 e6 8. dxe6 Bxe6 9. d3 Bd6 10.
O-O O-O 11. Nc3 Re8 12. Ng5 Bf5 13. Qf3 b5 14. Nge4 bxc4 15. Nxf6+ Qxf6 16. dxc4 Qd4+ 17. Kh1 Rad8 18. Rd1 Bc2 19. Rg1 Bc7 20. b3 Be4 21. Qg3 Bc6 22. Bb2 Bxf4 23. Nd5 Qxg1+ 24. Kxg1 Bxg3 0-1

[Event "Estonian Chess Championship 2021"]
[Site "Tallinn, Paul Keres Chess House, Estonia"]
[Date "2021.12.13"]
[Round "3.2"]
[White "Pedmanson, Albert"]
[Black "Rychagov, Nikita"]
[Result "1-0"]
[TimeControl "90 minutes for first 40 moves and 15 min. for the rest of the game with 30 sec."]
[WhiteFideId "4505778"]
[BlackFideId "4508394"]
[WhiteElo "1888"]
[BlackElo "1985"]

1. e4 e5 2. Nf3 Nc6 3. Bc4 Bc5 4. c3 Nf6 5. d4 exd4 6. e5 d5 7. Bb5 Ne4 8. cxd4 Bb6 9. h3 O-O 10.
Nc3 f6 11. Be3 f5 12. Ne2 Ba5+ 13. Nd2 f4 14.
Nxf4 Nxd4 15. Bd3 Nf5 16. Bxe4 Nxe3 17. fxe3 Qh4+ 18. Ke2 dxe4 19. Qb3+ Kh8 20. Qa3 Bg4+ 21. hxg4 Qxg4+ 22. Ke1 Bxd2+ 23. Kxd2 Rad8+ 24. Kc1 Rfe8 25. Qc3 b5 26. Kc2 b4 27.
Qc4 Rxe5 28. Rxh7+ 1-0

[Event "Estonian Chess Championship 2021"]
[Site "Tallinn, Paul Keres Chess House, Estonia"]
[Date "2021.12.13"]
[Round "3.3"]
[White "Hansson, Markus"]
[Black "Andrijashkin, Deniss"]
[Result "0-1"]
[TimeControl "90 minutes for first 40 moves and 15 min. for the rest of the game with 30 sec."]
[WhiteFideId "4505620"]
[BlackFideId "4504631"]
[WhiteElo "1662"]
[BlackElo "2036"]

1. c4 g6 2. Nc3 Bg7 3. e4 c5 4. g3 Nc6 5. Bg2 e6 6. Nge2 d6 7. d3 Nge7 8. O-O O-O 9. Rb1 b6 10.
a3 Bb7 11. b4 Qd7 12. b5 Nd4 13. Nf4 Rad8 14. Bb2 Qc7 15. Re1 h5 16. h4 Bh6 17. Bc1 Kg7 18. g4 hxg4 19. Qxg4 Ng8 20. Nh5+ Kh7 21. Bxh6 Kxh6 22. Nf4 Qe7 23. Re3 Kh7 24.
Rg3 Nf6 25. Qg5 e5 26. Ncd5 Bxd5 27. Nxd5 Nxd5 28. exd5 Qxg5 29. Rxg5 Kg7 30. Kh2 Rh8 31. Kh3 Rh6 32. Rh1 Rdh8 33.
Kg3 Nf5+ 34. Kg4 Nxh4 35. Rxh4 Rxh4+ 36. Kf3 f5 37. Rg3 Kf6 38. Bf1 Rh1 39. Ke2 g5 40. Rg2 g4 41. Rg3 Kg5 42.
d4 cxd4 43. Bg2 Rc1 44. f3 Kf4 0-1

[Event "Estonian Chess Championship 2021"]
[Site "Tallinn, Paul Keres Chess House, Estonia"]
[Date "2021.12.13"]
[Round "3.4"]
[White "Volodin, Aleksandr"]
[Black "Kull, Tormi"]
[Result "1-0"]
[TimeControl "90 minutes for first 40 moves and 15 min. for the rest of the game with 30 sec."]
[WhiteTitle "GM"]
[WhiteFideId "4501950"]
[BlackFideId "4510151"]
[WhiteElo "2461"]
[BlackElo "1753"]

1. d4 d5 2. c4 c6 3. Nf3 Nf6 4. Qb3 dxc4 5. Qxc4 Bf5 6. Nc3 e6 7. g3 Be7 8. Bg2 O-O 9. O-O h6 10.
Re1 Ne4 11. Nd2 Nxd2 12. Bxd2 Nd7 13. e4 Bg6 14. Be3 Nb6 15. Qb3 Bg5 16.
f4 Bf6 17. Rad1 Qc7 18. Bf2 Rad8 19. Bf3 Rd7 20. Ne2 Rfd8 21. Kg2 Nc8 22. h4 Be7 23. h5 Bh7 24. Rc1 Qa5 25. a3 Kh8 26. Red1 Bg8 27. Nc3 f6 28. e5 fxe5 29. fxe5 Bg5 30. Ra1 Rf8 31. Bg4 Rdf7 32.
Rf1 Qa6 33. Ne4 Bh7 34. Nc5 Qb6 35. Qxb6 axb6 36. Nxe6 Be4+ 37. Kg1 Re8 38. Nxg5 hxg5 39. Be3 1-0

[Event "Estonian Chess Championship 2021"]
[Site "Tallinn, Paul Keres Chess House, Estonia"]
[Date "2021.12.13"]
[Round "3.5"]
[White "Shishkov, Andrei"]
[Black "Soot, Margus"]
[Result "1-0"]
[TimeControl "90 minutes for first 40 moves and 15 min. for the rest of the game with 30 sec."]
[WhiteTitle "IM"]
[WhiteFideId "4500563"]
[BlackFideId "4501160"]
[WhiteElo "2405"]
[BlackElo "2117"]

1. d4 e6 2. c4 Bb4+ 3. Bd2 Qe7 4. e3 Nf6 5. Nc3 Bxc3 6. Bxc3 Ne4 7. Rc1 Nxc3 8. Rxc3 f5 9. Bd3 O-O 10.
Nf3 d6 11. e4 c5 12. O-O Nc6 13. dxc5 dxc5 14. Re1 Qf6 15. Bc2 Rd8 16. Qe2 Bd7 17.
h3 Be8 18. exf5 exf5 19.
Qe3 b6 20. Qf4 Bg6 21. Rce3 Rd6 22. Ba4 Nd4 23. Re7 a6 24. Rb7 Rf8 25. Ree7 Rf7 26.
Re8+ Rf8 27. Ree7 Rf7 28. Re8+ Rf8 29. Rxf8+ Qxf8 30. Kh2 h6 31. Ne5 Kh7 32. Nd7 Qe7 33. Nxc5 Qd8 34. Nd7 Qe7 35.
Nc5 Qe1 36. Qxd6 Nf3+ 37. Kg3 Nd2 38. Qd4 Nf1+ 39. Kh4 bxc5 40.
Qxg7# 1-0

[Event "Estonian Chess Championship 2021"]
[Site "Tallinn, Paul Keres Chess House, Estonia"]
[Date "2021.12.14"]
[Round "4.1"]
[White "Kanep, Meelis"]
[Black "Soot, Margus"]
[Result "1-0"]
[TimeControl "90 minutes for first 40 moves and 15 min. for the rest of the game with 30 sec."]
[WhiteTitle "GM"]
[WhiteFideId "4501047"]
[BlackFideId "4501160"]
[WhiteElo "2433"]
[BlackElo "2117"]

1. d4 e6 2. c4 Bb4+ 3. Bd2 Bxd2+ 4. Qxd2 Nf6 5. Nc3 d6 6. Nf3 Qe7 7. g3 b6 8. Bg2 Bb7 9. O-O Ne4 10.
Nxe4 Bxe4 11. b4 O-O 12. Qe3 d5 13. cxd5 Bxd5 14. Qc3 a5 15. b5 c6 16. Qd3 cxb5 17. Qxb5 Qb7 18. Rfe1 Na6 19.
a3 Rab8 20. e4 Bc6 21. Qe2 Rfc8 22. Ne5 Ba4 23. d5 Rc2 24. Qe3 Qc7 25. Nd3 Nc5 26. Nf4 e5 27. Ne2 Nb3 28. Rab1 Nd2 29.
Rbc1 Nb3 30. Rb1 Nd2 31. Rbc1 Nb3 32. Rxc2 Qxc2 33. Nc3 Nd4 34. Rc1 Qb2 35. Bf1 Qxa3 36. Nxa4 Qxa4 37. Rc7 Qd1 38. Kg2 h6 39. Re7 f6 40.
d6 Kh7 41. Qc3 Nc2 42. Rxg7+ Kxg7 43. Qc7+ Kg6 44. Qxb8 Ne1+ 45. Kh1 Qf3+ 46. Kg1 Qxe4 47. Qg8+ Kh5 48. Qf7+ Kg5 49. Qg7+ Kh5 50.
g4+ Kh4 51. Qxh6+ Kxg4 52. Bh3+ Kf3 53. Qh5+ Kf4 54. Qg4# 1-0

[Event "Estonian Chess Championship 2021"]
[Site "Tallinn, Paul Keres Chess House, Estonia"]
[Date "2021.12.14"]
[Round "4.2"]
[White "Kull, Tormi"]
[Black "Shishkov, Andrei"]
[Result "0-1"]
[TimeControl "90 minutes for first 40 moves and 15 min. for the rest of the game with 30 sec."]
[BlackTitle "IM"]
[WhiteFideId "4510151"]
[BlackFideId "4500563"]
[WhiteElo "1753"]
[BlackElo "2405"]

1. e4 c5 2. Nf3 d6 3. d4 cxd4 4.
Nxd4 Nf6 5. Nc3 a6 6. f3 e5 7. Nb3 Be6 8. Be3 h5 9. Qd2 Nbd7 10. O-O-O Rc8 11. Kb1 Be7 12. g3 g6 13.
h3 Qc7 14. Rh2 Kf8 15. Rf2 b5 16. Bg2 Nb6 17. Bxb6 Qxb6 18. f4 b4 19. Nd5 Nxd5 20. exd5 Bf5 21. Rc1 Bf6 22. Qe2 Kg7 23.
Qf3 exf4 24. g4 hxg4 25. hxg4 Bxg4 26. Qxf4 Bf5 27. Rcf1 a5 28. Rd2 Be5 29. Qg5 f6 0-1

[Event "Estonian Chess Championship 2021"]
[Site "Tallinn, Paul Keres Chess House, Estonia"]
[Date "2021.12.14"]
[Round "4.3"]
[White "Andrijashkin, Deniss"]
[Black "Volodin, Aleksandr"]
[Result "0-1"]
[TimeControl "90 minutes for first 40 moves and 15 min. for the rest of the game with 30 sec."]
[BlackTitle "GM"]
[WhiteFideId "4504631"]
[BlackFideId "4501950"]
[WhiteElo "2036"]
[BlackElo "2461"]

1. e4 c5 2. Nf3 d6 3. d4 cxd4 4. Nxd4 Nf6 5. Nc3 a6 6. Rg1 Nc6 7. Nb3 b5 8. g4 e6 9. g5 Nd7 10.
Be3 Bb7 11. f4 Na5 12. f5 b4 13. fxe6 fxe6 14. Na4 Bxe4 15. Qg4 Bf5 16. Qxb4 Nxb3 17. axb3 Rb8 18. Qd2 Ne5 19. Rg3 Be7 20.
Nc3 O-O 21. Be2 Nc6 22. Bg4 Nb4 23. Bxf5 Rxf5 24. O-O-O Rc8 25. Qd4 d5 26. Qb6 Qxb6 27. Bxb6 Bxg5+ 28. Kb1 Bf6 29. Rg4 Nc6 30. Ra4 a5 31. Nb5 Rb8 32.
Nd6 Rxb6 33. Nxf5 exf5 34. Rxd5 g6 35. Rc4 Be7 36. Rd7 Kf7 37. Rc7 Nb4 38. c3 Nd5 39. Ra7 Ne3 40. Rh4 h5 41.
Rh3 Re6 42. Rxa5 h4 43. b4 g5 44. Rxe3 Rxe3 45. Rxf5+ Ke6 46. Rf2 g4 47. b5 Bd6 48. c4 Rh3 49. Rg2 g3 50. hxg3 hxg3 0-1

[Event "Estonian Chess Championship 2021"]
[Site "Tallinn, Paul Keres Chess House, Estonia"]
[Date "2021.12.14"]
[Round "4.4"]
[White "Rychagov, Nikita"]
[Black "Hansson, Markus"]
[Result "1-0"]
[TimeControl "90 minutes for first 40 moves and 15 min. for the rest of the game with 30 sec."]
[WhiteFideId "4508394"]
[BlackFideId "4505620"]
[WhiteElo "1985"]
[BlackElo "1662"]

1. e4 c5 2. Nf3 Nc6 3. d4 cxd4 4. Nxd4 Nf6 5. Nc3 e5 6. Ndb5 d6 7. Bg5 a6 8. Na3 b5 9. Nd5 Be7 10.
Bxf6 Bxf6 11. c3 O-O 12. Nc2 Bg5 13. a4 bxa4 14. Rxa4 a5 15. Bc4 Be6 16. O-O Kh8 17. Nce3 Bxe3 18.
Nxe3 Qd7 19. b3 Rfd8 20. Qc2 Qb7 21. Rd1 Rab8 22. Ra3 Qe7 23. Bd5 Rdc8 24. Nc4 Bxd5 25. exd5 Nd8 26. Nxa5 Qc7 27.
c4 Qc5 28. Raa1 Rc7 29. Qc3 Ra7 30. Ra4 Rba8 31. b4 Qc7 32. Raa1 h6 33. g3 f5 34. Nb3 Rxa1 35. Rxa1 Rxa1+ 36. Nxa1 e4 37. Nb3 Nf7 38. Nd4 Ne5 39. c5 dxc5 40. bxc5 Qb7 41. c6 Qb1+ 42. Kg2 f4 43. gxf4 Qd1 44.
fxe5 e3 45. Qxe3 Qg4+ 46. Qg3 Qe4+ 47. Nf3 Qxd5 48. c7 Qd7 49. e6 Qxe6 50. h4 Kh7 51. Kh2 Qd7 52. Nd4 g5 53. hxg5 hxg5 54.
Qh3+ 1-0

[Event "Estonian Chess Championship 2021"]
[Site "Tallinn, Paul Keres Chess House, Estonia"]
[Date "2021.12.14"]
[Round "4.5"]
[White "Timoshin, Andrei"]
[Black "Pedmanson, Albert"]
[Result "1/2-1/2"]
[TimeControl "90 minutes for first 40 moves and 15 min. for the rest of the game with 30 sec."]
[WhiteFideId "4503503"]
[BlackFideId "4505778"]
[WhiteElo "2150"]
[BlackElo "1888"]

1. e4 e5 2. Nf3 Nc6 3. Nc3 Nf6 4. d4 exd4 5. Nxd4 Bb4 6. Nxc6 bxc6 7. Bd3 d5 8. exd5 cxd5 9. O-O O-O 10.
h3 Re8 11. Qf3 c6 12. Bf4 Nd7 13. Qg3 Nc5 14. Bg5 f6 15. Bh6 Qd7 16. Rae1 Rxe1 17. Rxe1 Nxd3 18. cxd3 d4 19. Re8+ Bf8 20.
Ne4 Qf7 21. Nd6 Qd7 22. Bxg7 Qxg7 23. Nxc8 Qxg3 24. fxg3 Kg7 25. Rd8 Rb8 26. b3 a5 27. Kf2 a4 28. bxa4 Rb2+ 29. Kf3 Rxa2 30. Rxd4 Kg6 31. g4 Ra3 32.
Ke4 Ra2 33. g3 Bc5 34. Rc4 Re2+ 35. Kf4 Rf2+ 36. Ke4 1/2-1/2

[Event "Estonian Chess Championship 2021"]
[Site "Tallinn, Paul Keres Chess House, Estonia"]
[Date "2021.12.15"]
[Round "5.1"]
[White "Pedmanson, Albert"]
[Black "Kanep, Meelis"]
[Result "1/2-1/2"]
[TimeControl "90 minutes for first 40 moves and 15 min. for the rest of the game with 30 sec."]
[BlackTitle "GM"]
[WhiteFideId "4505778"]
[BlackFideId "4501047"]
[WhiteElo "1888"]
[BlackElo "2433"]

1. e4 d6 2. d4 Nf6 3. Nc3 Nbd7 4. Be3 e5 5. f3 Be7 6. Be2 c6 7. Qd2 O-O 8. O-O-O b5 9. g4 Qa5 10. a3 Nb6 11. Na2 Qxd2+ 12. Rxd2 Be6 13. Nb4 Rfc8 14. d5 cxd5 15. Bxb6 axb6 16. exd5 Bd7 17. Bd3 Rc5 18.
h3 g6 19. Ne2 Ne8 20. Kb1 f5 21. gxf5 gxf5 22. Rg1+ Kf7 23. Nc3 Nf6 24. Rdg2 Nh5 25. Nc6 Bf6 26. Nxb5 Rxd5 27. Bc4 Bxc6 28.
Nc7 Raa5 29. Rd2 Nf4 30. Rgd1 Rac5 31. Bxd5+ Nxd5 32. Nxd5 Bg5 33. b4 Rc4 34. Nxb6 Rh4 35. Rxd6 Bxf3 36.
Rg1 h6 37. b5 Ke7 38. Rd3 e4 39. Rb3 e3 40. Re1 f4 41. Nc4 Kd8 42. b6 Kc8 43. b7+ Bxb7 44. Nd6+ Kc7 45. Nxb7 f3 46.
Rexe3 Bxe3 47. Rxe3 Rf4 48. Re7+ Kb6 49. Nd6 f2 50. Nc4+ Rxc4 51. Rf7 Rh4 52. Rxf2 Rxh3 53. Kb2 h5 54.
c3 Rh1 55. Kb3 h4 56. Ra2 h3 57. a4 Ka5 58. Kc4 Rg1 59. Rh2 Rg4+ 60. Kb3 Rg3 61. Rf2 Rg5 62. Rh2 Rh5 63. c4 Rh4 64.
Kc3 Rh5 1/2-1/2